 Dungeon Crawl Stone Soup version 0.28.0-49-g6dfe1f597d (webtiles) character file.

Game seed: 14556991058011874405

191 Exodus22XD the Covered (level 5, 47/47 HPs)
             Began as a Minotaur Fighter on May 14, 2022.
             Was a Follower of Makhleb.
             Quit the game on level 3 of the Dungeon.
             The game lasted 00:02:22 (2124 turns).

Exodus22XD the Covered (Minotaur Fighter)           Turns: 2124, Time: 00:02:23

Health: 47/47      AC:  7    Str: 23    XL:     5   Next: 42%
Magic:  4/4        EV:  9    Int:  5    God:    Makhleb [*.....]
Gold:   46         SH:  4    Dex:  9    Spells: 4/4 levels left

rFire   . . .      SeeInvis .   l - +0 hand axe (vorpal)
rCold   . . .      Faith    .   c - +0 buckler
rNeg    . . .      Spirit   .   b - +0 scale mail
rPois   .          Reflect  .   (helmet restricted)
rElec   .          Harm     .   (no cloak)
rCorr   .          Rampage  .   (no gloves)
Will    .....                   (no boots)
Stlth   ..........              (no amulet)
HPRegen 0.15/turn               (no ring)
MPRegen 0.09/turn               (no ring)

@: no status effects
A: horns 2, retaliatory headbutt
a: Renounce Religion


You were on level 3 of the Dungeon.
You worshipped Makhleb.
Makhleb was aware of your devotion.
You visited 1 branch of the dungeon, and saw 3 of its levels.

You collected 46 gold pieces.

Inventory:

Hand Weapons
 a - a +0 war axe
 l - a +0 vorpal hand axe (weapon)
Missiles
 o - 5 javelins (quivered)
Armour
 b - a +0 scale mail (worn)
 c - a +0 buckler (worn)
Scrolls
 e - a scroll of teleportation {unknown}
 f - a scroll of identify {unknown}
 g - a scroll of acquirement {unknown}
 h - a scroll of noise {unknown}
 i - a scroll of enchant weapon {unknown}
 k - a scroll of fog {unknown}
 m - a scroll of magic mapping {unknown}
 p - a scroll of immolation {unknown}
Potions
 d - 2 potions of might
 j - a potion of haste {unknown}
 n - a potion of heal wounds {unknown}
 q - a potion of invisibility {unknown}


   Skills:
 + Level 4.6 Fighting
 + Level 4.5 Axes
 + Level 5.1 Armour
 + Level 4.3 Shields


You had 4 spell levels left.
You didn't know any spells.
Your spell library was empty.

Dungeon Overview and Level Annotations

Branches:
Dungeon (3/15)

Altars:
Makhleb


Innate Abilities, Weirdness & Mutations

You have a pair of horns on your head.
You reflexively headbutt those who attack you in melee.


Message History

No target in view!
q - a coppery potion Key pressed, stopping explore.
No target in view!
You open the door.
Found a quarterstaff.
No target in view!
No target in view!
There is an open door here.
You see here a +0 quarterstaff.
A goblin comes into view. It is wielding a +0 club.
The goblin shouts!
A goblin is nearby!
You completely miss the goblin. Your headbutt misses the goblin.
The goblin hits you with a +0 club.
You hit the goblin.
You kill the goblin!
Makhleb accepts your kill.
You feel better.
No target in view!
Unknown command.
Okay, then.
Things that are here:
a +0 club; a goblin corpse A giant cockroach comes into view.
A giant cockroach is nearby!
The giant cockroach closely misses you.
You hit the giant cockroach.
You kill the giant cockroach!
Makhleb accepts your kill.
No target in view!
You open the door.
A rat comes into view.
There is an open door here.
The rat bites you but does no damage.
You slash the rat!
You kill the rat!
Makhleb accepts your kill.
No target in view!
Are you sure you want to abandon this character and quit the game? (Confirm with "yes".)

#......#
#......# ......#
..^..## #.....#
#.....# #..†..#
#..@..#
#####'#######
###
#............
...
#...†........
...
#####.##########
#####
#..........)...#
#....
#.############.#
#.#.. #.# #.#..
#.# #.#..


There were no monsters in sight!

Vanquished Creatures
  An ogre (D:3)
  2 orc wizards (D:3)
  An adder (D:2)
  A worm (D:2)
  2 dart slugs (D:1)
  2 orcs (D:3)
  5 ball pythons
  3 endoplasms
  A giant cockroach (D:3)
  3 goblins
  4 hobgoblins
  4 quokkas
  A bat (D:2)
  2 frilled lizards
  4 kobolds
  7 rats
43 creatures vanquished.

Notes
Turn   | Place    | Note
-------+----------+-------------------------------------------
     0 | D:1      | Exodus22XD the Minotaur Fighter began the quest for the
                  | Orb.
     0 | D:1      | Reached XP level 1. HP: 19/19 MP: 0/0
   280 | D:1      | Reached XP level 2. HP: 27/27 MP: 1/1
   532 | D:1      | Reached skill level 4 in Armour
   671 | D:2      | Reached XP level 3. HP: 27/33 MP: 2/2
  1571 | D:3      | Found a faded altar of an unknown god.
  1618 | D:3      | Prayed at the altar of an unknown god.
  1618 | D:3      | Became a worshipper of Makhleb the Destroyer
  1618 | D:3      | Reached * piety under Makhleb
  1905 | D:3      | Noticed an ogre
  1909 | D:3      | Killed an ogre
  1910 | D:3      | Reached XP level 4. HP: 41/41 MP: 3/3
  1922 | D:3      | Reached XP level 5. HP: 30/46 MP: 4/4
  1927 | D:3      | Reached skill level 5 in Armour
  2124 | D:3      | Quit the game

Illustrated notes

Levels and vault maps discovered:
D:1:      nagdon_arrival_zigzag_paths, layout_basic, minmay_heptomino_d4
D:2:      minmay_wonky_spiral, layout_loops_ring
D:3:      layout_basic, ebering_ecumenical_altar_abandoned,
          amcnicky_mini_corridor_feature

Skill      XL: |  1  2  3  4  5 |
---------------+----------------+-----
Armour         | 4 5 |  5.1
Fighting       | 4 |  4.6
Shields        | 4 |  4.3
Axes           | 4 |  4.5

Action                   |  1- 3 |  4- 6 || total
-------------------------+-------+-------++-------
Melee: War axe           |    29 |       ||    29
       Headbutt          |    10 |     1 ||    11
       Hand axe          |    38 |    16 ||    54
Armor: Scale mail        |    24 |     8 ||    32
Dodge: Dodged            |    26 |     2 ||    28
Block: Buckler           |    15 |     3 ||    18
